[Event "Live Chess"]
[Site "Chess.com"]
[Date "2024.06.01"]
[Round "-"]
[White "Plato_77"]
[Black "gmnorfolk"]
[Result "0-1"]
[WhiteElo "1321"]
[BlackElo "2111"]
[TimeControl "300"]
[EndTime "15:28:23 PDT"]
[Termination "gmnorfolk won by resignation"]

1. d4 Nf6 2. Bf4 d5 3. e3 c5 4. c3 Nc6 5. Nf3 Bg4 6. Nbd2 e6 7. dxc5 Bxc5 8. Nb3 Bd6 9. Bxd6 Qxd6 10. Nbd4 O-O 11.
h3 Bh5 12. Be2 Rac8 13. O-O Rfd8 14. g4 Bg6 15. Ne5 0-1

[Event "Live Chess"]
[Site "Chess.com"]
[Date "2024.06.01"]
[Round "-"]
[White "Dhaydon19"]
[Black "IgorSchukin"]
[Result "1-0"]
[WhiteElo "2679"]
[BlackElo "1709"]
[TimeControl "300"]
[EndTime "15:29:32 PDT"]
[Termination "Dhaydon19 won on time"]

1. d4 d5 2. Nf3 Nf6 3. g3 g6 4.
Bg2 Bg7 5. O-O O-O 6. c3 Bg4 7. Nbd2 Nbd7 8. Re1 Re8 9. e4 Nxe4 10. Nxe4 dxe4 11. Rxe4 h5 12. Qb3 b6 13. Ng5 e6 14.
Re1 Rc8 15. Bf4 c5 16. d5 c4 17. Qb5 Rc5 18. Qa4 exd5 19. Qxa7 f6 20. Nf3 Bxf3 21.
Bxf3 Ne5 22. Bxe5 fxe5 23. Rad1 Ra5 24. Qb7 Rxa2 25. Bxd5+ Kh8 26. Bxc4 Qa8 27. Qxa8 Raxa8 28. Rd6 Rab8 29. Rxg6 b5 30. Bd3 b4 31. Rg5 bxc3 32.
bxc3 Rec8 33. Rxh5+ Kg8 34. c4 Rb3 35. Be4 Kf7 36.
Rf5+ Ke6 37. g4 Rc3 38. Bd5+ Kd6 39. Rf7 Bh8 40. g5 Rh3 41. Re3 Rxe3 42. fxe3 e4 43. h4 Rg8 44. Kg2 Be5 45. Kh3 Rh8 46. Kg4 Bc3 47. h5 Bd2 48. Kf4 1-0

[Event "Live Chess"]
[Site "Chess.com"]
[Date "2024.06.01"]
[Round "-"]
[White "JanMur7"]
[Black "NeilDruggan73"]
[Result "1-0"]
[WhiteElo "2298"]
[BlackElo "1745"]
[TimeControl "300"]
[EndTime "15:29:38 PDT"]
[Termination "JanMur7 won by checkmate"]

1. c4 Nf6 2. Nc3 g6 3. d4 Bg7 4.
e4 d6 5. Be2 O-O 6. Bg5 e5 7.
dxe5 dxe5 8. Qxd8 Rxd8 9. Nd5 Rd6 10. Nxc7 Nxe4 11. Be3 f5 12. Nxa8 f4 13. Bf3 fxe3 14. Bxe4 exf2+ 15. Kxf2 Rf6+ 16. Nf3 Nd7 17. Nc7 Nc5 18.
Rhe1 g5 19. Nd5 Rf7 20. Kg3 h6 21. b4 Ne6 22. Bg6 Rf8 23. Nxe5 h5 24. Ne7+ Kh8 25. Nxc8 h4+ 26. Kg4 Rf4+ 27. Kh5 h3 28. g3 Rf2 29.
Nf7+ Kg8 30. Rxe6 Rxh2 31. Ne7+ Kf8 32. Rf1 Rg2 33. Nd6+ Bf6 34. Rfxf6+ Kg7 35. Ne8+ Kh8 36. Rf8# 1-0

[Event "Live Chess"]
[Site "Chess.com"]
[Date "2024.06.01"]
[Round "-"]
[White "A3ndrey9"]
[Black "Mikhail_Golubev"]
[Result "0-1"]
[WhiteElo "1281"]
[BlackElo "2584"]
[TimeControl "300"]
[EndTime "15:29:46 PDT"]
[Termination "Mikhail_Golubev won on time"]

1. Nf3 g6 2. d4 Bg7 3. c4 c5 4. g3 cxd4 5. Nxd4 Nc6 6. Nxc6 bxc6 7. Bg2 Nf6 8. O-O O-O 9. Nc3 a5 10. Bf4 d6 11. Bxc6 Rb8 12. Rb1 Bh3 13. Bg2 Bxg2 14.
Kxg2 Qc8 15. Nd5 Nxd5 16. cxd5 Rxb2 17. Rxb2 Bxb2 18. Bh6 Re8 19. e4 Qc4 20. Qb1 Bd4 21. Qb3 Qxb3 22. axb3 Rb8 23. Rb1 a4 24. b4 a3 25. b5 a2 26. Rc1 a1=Q 27. Rc7 Qb1 28. Rxe7 Qc2 29. Kh3 Qxf2 30. b6 Qf1+ 0-1

[Event "Live Chess"]
[Site "Chess.com"]
[Date "2024.06.01"]
[Round "-"]
[White "gobbles19"]
[Black "Cruiseylee78"]
[Result "1-0"]
[WhiteElo "2291"]
[BlackElo "1693"]
[TimeControl "300"]
[EndTime "15:30:07 PDT"]
[Termination "gobbles19 won on time"]

1. e4 d6 2. d4 Nd7 3. Nf3 e6 4.
c4 e5 5. Nc3 c6 6. Be2 Qc7 7.
O-O h6 8. Be3 Ngf6 9. h3 g5 10.
Nh2 Be7 11. b4 d5 12. cxd5 Bxb4 13. dxc6 bxc6 14. Rc1 Qa5 15. dxe5 Nxe5 16. Bd4 O-O 17. a3 Bxa3 18. Ra1 Rd8 19. Nb1 Qb4 20. Nxa3 Rxd4 21. Qc1 Rxe4 22. Nc2 Qb3 23. Ne3 Nd5 24. Rb1 Qc3 25.
Nxd5 Qxc1 26. Nf6+ Kg7 27. Rfxc1 Kxf6 28. Kf1 a5 29. Nf3 Nxf3 30. Bxf3 Ba6+ 31. Kg1 Rc4 32. Rxc4 Bxc4 33. Bxc6 Ra6 34. Ba4 Ke5 35. Rd1 Rb6 36. f3 Rb2 37. Ra1 Kf5 38. Kh2 Be6 39. Kg3 h5 40.
Ra3 h4+ 41. Kh2 Kf4 42. Bc6 Ra2 43. Rc3 a4 44. Rd3 Ke5 45. Re3+ Kd6 46. Bb5 a3 47.
Rd3+ Kc5 48. Ba4 Kb4 49. Bc6 1-0

[Event "Live Chess"]
[Site "Chess.com"]
[Date "2024.06.01"]
[Round "-"]
[White "f4nomore"]
[Black "NAZRIZ1977"]
[Result "0-1"]
[WhiteElo "1259"]
[BlackElo "2163"]
[TimeControl "300"]
[EndTime "15:30:47 PDT"]
[Termination "NAZRIZ1977 won by resignation"]

1. c4 g6 2. Nc3 Bg7 3. g3 Nf6 4. Bg2 O-O 5. Nf3 c5 6. e3 d5 7.
cxd5 Nxd5 8. O-O Nc6 9. Ne4 b6 10. Nc3 Bb7 11. Qc2 Ndb4 12. Qb3 Na5 13. Qd1 Ba6 14.
a3 Nd3 15. Qc2 Nxc1 16. Raxc1 Bxf1 17. Rxf1 Rc8 18. Ne2 Qd7 19. b4 cxb4 20. Qa4 Qxa4 0-1

[Event "Live Chess"]
[Site "Chess.com"]
[Date "2024.06.01"]
[Round "-"]
[White "peteopeteo"]
[Black "DJ_Lambton"]
[Result "0-1"]
[WhiteElo "1570"]
[BlackElo "1761"]
[TimeControl "300"]
[EndTime "15:30:49 PDT"]
[Termination "DJ_Lambton won by resignation"]

1. e4 c6 2. Nc3 d5 3. exd5 cxd5 4. d4 Nf6 5. Nf3 Bf5 6. Bd3 Bxd3 7. Qxd3 e6 8. O-O Nc6 9. Bg5 Be7 10. Rfe1 O-O 11. Bh4 Rc8 12. Ne2 a6 13. c3 Qb6 14. b4 Qc7 15. Rac1 Na7 16. Ne5 Nc6 17. Nxc6 Qxc6 18. Rc2 Qc4 19. Qxc4 Rxc4 20. Rec1 Rfc8 21. Bg3 Ne4 22.
f3 Nxg3 23. Nxg3 Bxb4 24. Ne2 Be7 25. Rb1 b5 26. Rb3 b4 27. a4 a5 28. Nf4 Rxc3 29.
Rcxc3 Rxc3 30. Rxc3 bxc3 31. Nd3 Bb4 32. Kf2 Kf8 33.
Ke2 Ke8 34. Kd1 Kd7 35. Kc2 f6 36. Nc5+ Bxc5 37. dxc5 Kc6 38. Kxc3 Kxc5 39. g4 e5 40. h4 g6 41. h5 f5 42. hxg6 hxg6 43. gxf5 gxf5 44.
f4 d4+ 0-1

[Event "Live Chess"]
[Site "Chess.com"]
[Date "2024.06.01"]
[Round "-"]
[White "TheSmoulderingMaster"]
[Black "Duke_of_Bebington"]
[Result "1-0"]
[WhiteElo "1736"]
[BlackElo "1632"]
[TimeControl "300"]
[EndTime "15:30:56 PDT"]
[Termination "TheSmoulderingMaster won on time"]

1. e4 e5 2. Nf3 Nf6 3. Nxe5 d6 4. Nf3 Nxe4 5. Nc3 Nxc3 6. dxc3 Nc6 7. Bb5 Bd7 8. Be3 Be7 9. O-O O-O 10. Qd2 a6 11.
Ba4 Bf6 12. Rfe1 Ne5 13. Bb3 Nxf3+ 14. gxf3 Bh3 15. Bf4 Qd7 16. Bg3 c6 17. Rad1 d5 18. c4 d4 19. Qf4 Rad8 20. Bh4 Bxh4 21. Qxh4 Be6 22. Re5 g6 23. Rde1 d3 24. cxd3 Qxd3 25.
c5 Bxb3 26. axb3 Qxf3 27. R5e3 Qd5 28. Rh3 h5 29. Rg3 Kh7 30. Qf6 Rfe8 31. Rxe8 Rxe8 32. Rf3 Re1+ 33. Kg2 Kh6 34. Qxf7 Re5 35. Qf8+ Kh7 36.
Qf7+ Kh6 37. Qf4+ Rg5+ 38. Kh3 Qxc5 39. b4 Qf5+ 40. Kh4 Qg4+ 41. Qxg4 Rxg4+ 42. Kh3 Rxb4 43. Rf7 Rxb2 44. Rf6 a5 45. f4 Rb5 46. Rf7 a4 47. Rf8 Kg7 48. Ra8 Rb4 49. Kg3 b5 50. Kf3 Rb3+ 51. Ke4 Rb4+ 52. Ke5 Rc4 53. Ra7+ Kf8 54. f5 gxf5 55. Kxf5 Rc5+ 56. Kf6 Ke8 57. Ke6 Kd8 58.
Kd6 Rd5+ 59. Kxc6 Rd1 60. Kxb5 Rh1 61. Rxa4 Rxh2 62. Kc5 h4 63. Kd4 Rf2 64. Ke3 Rg2 65.
Kf3 Rg3+ 66. Kf2 1-0

[Event "Live Chess"]
[Site "Chess.com"]
[Date "2024.06.01"]
[Round "-"]
[White "Zhevzh1k7"]
[Black "Mangoalo"]
[Result "0-1"]
[WhiteElo "1098"]
[BlackElo "1069"]
[TimeControl "300"]
[EndTime "15:30:58 PDT"]
[Termination "Mangoalo won by checkmate"]

1. e4 c5 2. Nf3 Nc6 3. d4 cxd4 4. Nxd4 Nf6 5. Nc3 a6 6. Bc4 e6 7. Bg5 Bb4 8. O-O Bxc3 9. bxc3 Nxd4 10. cxd4 d5 11. exd5 exd5 12. Re1+ Be6 13. Bxf6 Qxf6 14. Bxd5 O-O 15. Bxb7 Rae8 16. Bxa6 Bd5 17. Rxe8 Rxe8 18. Bb5 Qg6 19. f3 Re6 20. Qd3 Qg5 21. Bd7 Rf6 22.
Rb1 g6 23. Rb8+ Kg7 24. c4 Bxf3 25. Rb5 Qxg2# 0-1

[Event "Live Chess"]
[Site "Chess.com"]
[Date "2024.06.01"]
[Round "-"]
[White "ogpin"]
[Black "Silverback7829"]
[Result "1-0"]
[WhiteElo "2200"]
[BlackElo "902"]
[TimeControl "300"]
[EndTime "15:31:00 PDT"]
[Termination "ogpin won by checkmate"]

1. a4 e5 2. Ra3 Nc6 3. g3 d6 4. Bg2 Nf6 5. b4 Be7 6. b5 Nd4 7. Bb2 O-O 8. Nf3 Nxf3+ 9. Rxf3 e4 10. Rf4 Be6 11. Rxe4 Nxe4 12. Bxe4 Rb8 13. O-O g6 14. Nc3 c6 15. d4 c5 16. dxc5 dxc5 17. Qa1 Bf5 18.
Bxf5 gxf5 19. Rd1 Qc7 20. Nd5 Qc8 21. Nxe7# 1-0

[Event "Live Chess"]
[Site "Chess.com"]
[Date "2024.06.01"]
[Round "-"]
[White "CarmelJane"]
[Black "KeithArkell"]
[Result "0-1"]
[WhiteElo "2069"]
[BlackElo "2414"]
[TimeControl "300"]
[EndTime "15:31:10 PDT"]
[Termination "KeithArkell won by checkmate"]

1. e4 c6 2. d4 d5 3. e5 c5 4. dxc5 Nc6 5. Nf3 Bg4 6. Bb5 Qa5+ 7. Nc3 Bxf3 8. Qxf3 e6 9. Be3 a6 10. Bxc6+ bxc6 11. a3 Bxc5 12. O-O Bxe3 13. Qxe3 Ne7 14. Ne2 Nf5 15. Qg5 h5 16. c3 Qd8 17. Qf4 Qh4 18.
Qxh4 Nxh4 19. Nd4 Kd7 20. g3 c5 21. Nb3 c4 22. Nd4 Ng6 23. f4 Ne7 24. f5 Nxf5 25.
Nxf5 exf5 26. Rxf5 Ke6 27. Raf1 Raf8 28. Rg5 Rh7 29.
Rgf5 a5 30. R1f4 Rh6 31. Kf2 a4 32. Ke3 h4 33. g4 h3 34. g5 Rh4 35. Rxf7 Rxf4 36.
Rxf4 Rb8 37. Rf2 Kxe5 38. g6 Rb6 39. Rf3 Rxb2 40. Rxh3 Rc2 41. Rh5+ Kd6 42. Kd4 Rd2+ 43. Ke3 Rd3+ 44. Ke2 Ke6 45. Rh8 Rxc3 46. Rf8 d4 47. Rf7 Rc2+ 48. Kd1 Rg2 49. Rxg7 c3 50. h4 d3 51. Rc7 Rg1# 0-1

[Event "Live Chess"]
[Site "Chess.com"]
[Date "2024.06.01"]
[Round "-"]
[White "GrahamCuthbert"]
[Black "wadsy27"]
[Result "0-1"]
[WhiteElo "1031"]
[BlackElo "2542"]
[TimeControl "300"]
[EndTime "15:31:10 PDT"]
[Termination "wadsy27 won by resignation"]

1. d4 Nf6 2. Bf4 c5 3. c3 Qb6 4. Qb3 Qxb3 5. axb3 cxd4 6. cxd4 Nc6 7. e3 d6 8. Nf3 Be6 9. Bc4 Nd5 10. Bg3 Ndb4 11. Ra4 Bxc4 12. bxc4 Nd3+ 13. Kd2 Nxb2 14. Ra2 Nxc4+ 15. Kd3 d5 16. Nc3 Nb4+ 17. Ke2 Nxa2 18.
Nxa2 e6 19. Rb1 b6 20. Nc3 Be7 21. Nb5 O-O 22. Ra1 a5 23. Nc7 Rac8 24. Nb5 Nb2 25. Ra2 Rc2+ 26. Nd2 Bb4 0-1

[Event "Live Chess"]
[Site "Chess.com"]
[Date "2024.06.01"]
[Round "-"]
[White "nigelst"]
[Black "updatedopenings2024"]
[Result "0-1"]
[WhiteElo "1700"]
[BlackElo "1964"]
[TimeControl "300"]
[EndTime "15:31:20 PDT"]
[Termination "updatedopenings2024 won by resignation"]

1. e4 c6 2. d4 d5 3. exd5 cxd5 4. Bd3 Nc6 5. c3 Nf6 6. Bf4 Bg4 7. Qb3 Qd7 8. Nd2 e6 9. Ngf3 Bd6 10. Bxd6 Qxd6 11. O-O O-O 12. Rfe1 a6 13. Ne5 Bh5 14. Ndf3 Bg6 15.
Bxg6 hxg6 16. Nxc6 bxc6 17. Ne5 Rfb8 18. Qc2 c5 19. dxc5 Qxc5 20. Rab1 d4 21. Qc1 dxc3 22. Qxc3 Qxc3 23. bxc3 Nd5 24. c4 Nc3 25. Rxb8+ Rxb8 26.
g3 Nxa2 27. c5 Rc8 28. c6 Nb4 29. Rc1 f6 30. Nxg6 Kf7 31. Nf4 Rxc6 32. Rb1 a5 33.
h4 e5 34. Ne2 Rc2 35. Kf1 Rc4 36. Ra1 Rc5 37. Ra4 Ke6 38. Kg2 Kd5 39. Ng1 Kc6 40. g4 Kb5 41. Ra3 a4 42. Nh3 Nc2 43. Ra2 a3 44. g5 Ka4 45. gxf6 gxf6 46. h5 f5 47. h6 Kb3 48. Rxc2 Kxc2 49. h7 Rc8 50. Ng5 a2 51. Nf7 a1=Q 0-1

[Event "Live Chess"]
[Site "Chess.com"]
[Date "2024.06.01"]
[Round "-"]
[White "TheSmoulderingMaster"]
[Black "Zhevzh1k7"]
[Result "1-0"]
[WhiteElo "1736"]
[BlackElo "1098"]
[TimeControl "300"]
[EndTime "15:31:40 PDT"]
[Termination "TheSmoulderingMaster won by checkmate"]

1. e4 c6 2. d4 d5 3. Nc3 dxe4 4. Nxe4 Bf5 5. Ng3 Bg6 6. Nh3 Nf6 7. Nf4 Nbd7 8. h4 h6 9. Nxg6 fxg6 10. Bd3 g5 11. Bg6# 1-0

[Event "Live Chess"]
[Site "Chess.com"]
[Date "2024.06.01"]
[Round "-"]
[White "defenderalist"]
[Black "CCGoodKnightRookie"]
[Result "0-1"]
[WhiteElo "1532"]
[BlackElo "2350"]
[TimeControl "300"]
[EndTime "15:31:49 PDT"]
[Termination "CCGoodKnightRookie won by resignation"]

1. e4 Nf6 2. d3 e5 3. f4 Nc6 4.
Nf3 d6 5. Be2 Bg4 6. O-O Bxf3 7.
Bxf3 Be7 8. Nc3 Nd4 9. fxe5 dxe5 10. Be3 Bc5 11. a3 O-O 12. b4 Bb6 13. Na4 Qd7 14. Nxb6 axb6 15. Bg4 Qxg4 16. Rxf6 Qxd1+ 17. Rxd1 gxf6 0-1

[Event "Live Chess"]
[Site "Chess.com"]
[Date "2024.06.01"]
[Round "-"]
[White "degringolade64"]
[Black "upoe610"]
[Result "1-0"]
[WhiteElo "2128"]
[BlackElo "2195"]
[TimeControl "300"]
[EndTime "15:31:52 PDT"]
[Termination "degringolade64 won by resignation"]

1. e4 e5 2. f3 Nf6 3. Bc4 c6 4.
Ne2 d5 5. Bb3 dxe4 6. fxe4 Nxe4 7. d4 exd4 8. O-O Bc5 9. Bxf7+ Ke7 10. Qd3 Qd5 11. Bxd5 cxd5 12. Bg5+ Nxg5 13. Nxd4 Ne4 14. Nc3 Nc6 15. Nxd5+ Kd6 16. Qxe4 Bxd4+ 17. Kh1 Be6 18. Nf4 Rae8 19. Nxe6 Rxe6 20. Qd3 Kc7 21. c3 Bb6 22. Rad1 Rd8 23. Qg3+ Kc8 24. Qxg7 Rde8 25. g3 Ne5 26.
Rf8 h5 27. Qg8 Ng4 28. Rxe8+ 1-0

[Event "Live Chess"]
[Site "Chess.com"]
[Date "2024.06.01"]
[Round "-"]
[White "booktrunk"]
[Black "jk0110"]
[Result "1-0"]
[WhiteElo "1456"]
[BlackElo "1232"]
[TimeControl "300"]
[EndTime "15:31:57 PDT"]
[Termination "booktrunk won on time"]

1. d4 Nf6 2. Nc3 d5 3. Bf4 c5 4.
dxc5 Bf5 5. e3 e6 6. Nb5 Qa5+ 7. c3 Na6 8. b4 Qd8 9. Nd4 Bg6 10. Bxa6 bxa6 11.
Ngf3 a5 12. O-O axb4 13. cxb4 a6 14. Nc6 Qd7 15. Nfe5 Qc8 16. Qa4 Nd7 17. Nxd7 Qxd7 18. b5 Bd3 19. Ne5 Qxb5 20. Qxb5+ Bxb5 21. Rfc1 Rc8 22. c6 Ba3 23. Rc2 Ba4 24. Rd2 Bxc6 25. Nxc6 Rxc6 26. h3 O-O 27. Rb1 Rfc8 28. Rb3 Bd6 29. Bg3 Rc1+ 30. Kh2 Bxg3+ 31. Kxg3 h6 32. Ra3 R8c4 33.
Rxa6 h5 34. f4 g5 35. Rd4 1-0

[Event "Live Chess"]
[Site "Chess.com"]
[Date "2024.06.01"]
[Round "-"]
[White "ClassyChameleon"]
[Black "WelshTiger"]
[Result "0-1"]
[WhiteElo "1521"]
[BlackElo "2497"]
[TimeControl "300"]
[EndTime "15:32:12 PDT"]
[Termination "WelshTiger won on time"]

1. e4 c5 2. Nf3 d6 3. d4 cxd4 4. Nxd4 Nf6 5. Nc3 Nc6 6. Nxc6 bxc6 7. Bd3 e5 8. O-O Be6 9. Be3 Be7 10. h3 O-O 11.
Ne2 d5 12. exd5 cxd5 13. Ng3 g6 14. Bh6 Re8 15. Bb5 Bd7 16. Bxd7 Qxd7 17. c3 Rab8 18. Qc2 Qb5 19. b4 Rec8 20. a3 d4 21. Ne4 Nxe4 22.
Qxe4 Rxc3 23. Rfc1 Bf8 24. Bd2 Rcc8 25. a4 Rxc1+ 26.
Rxc1 Qxa4 27. Qxe5 Rd8 28. Bg5 Bg7 29. Qe7 Re8 30. Qb7 d3 31. Rc8 h6 32. Be3 Rxc8 33. Qxc8+ Kh7 34. Qc4 d2 35. Bxd2 Qd1+ 36. Kh2 Qxd2 37.
b5 Qd6+ 38. g3 Qe6 39. Qc7 Bd4 40. Kg2 Bb6 41. Qc6 Qxc6+ 42. bxc6 Kg7 43. Kf3 Kf6 44. Ke4 Ke6 45. f4 f5+ 46. Kf3 Kd5 47. g4 Kxc6 48. gxf5 gxf5 49. Kg3 Bd8 50. Kf3 Kd5 51. Ke3 a5 52.
Kd3 a4 53. Kc3 a3 54. Kb3 Be7 55. h4 Ke4 56. h5 Kxf4 0-1

[Event "Live Chess"]
[Site "Chess.com"]
[Date "2024.06.01"]
[Round "-"]
[White "KwikPhoenix"]
[Black "gmnorfolk"]
[Result "1-0"]
[WhiteElo "2463"]
[BlackElo "2108"]
[TimeControl "300"]
[EndTime "15:32:20 PDT"]
[Termination "KwikPhoenix won by resignation"]

1. b3 e5 2. Bb2 Nc6 3. e3 Nf6 4. Bb5 e4 5. d3 exd3 6. Qxd3 d5 7.
Nf3 a6 8. Bxc6+ bxc6 9. O-O Bd6 10. h3 O-O 11. Nbd2 Re8 12. c4 Be6 13. Rfd1 Qe7 14.
Nd4 Bd7 15. Nf5 Bxf5 16. Qxf5 Rab8 17. Rac1 Ba3 18. Bxf6 gxf6 19. Rc2 Rbd8 20. Nf3 dxc4 21. Rxd8 Rxd8 22. Rxc4 Rd1+ 23. Kh2 Bd6+ 24. g3 c5 25. Rg4+ Kf8 26. Qc8+ 1-0

[Event "Live Chess"]
[Site "Chess.com"]
[Date "2024.06.01"]
[Round "-"]
[White "NAZRIZ1977"]
[Black "DJ_Lambton"]
[Result "1-0"]
[WhiteElo "2165"]
[BlackElo "1759"]
[TimeControl "300"]
[EndTime "15:32:26 PDT"]
[Termination "NAZRIZ1977 won by resignation"]

1. d4 d5 2. Nf3 Nf6 3. e3 Bg4 4. c4 e6 5. Qb3 b6 6. Nc3 dxc4 7.
Bxc4 Be7 8. Ne5 Bf5 9. Bb5+ Nbd7 10. Qa4 a6 11. Bc6 Ra7 12. Bxd7+ Nxd7 13. Nc6 Ra8 14.
Nxd8 1-0

[Event "Live Chess"]
[Site "Chess.com"]
[Date "2024.06.01"]
[Round "-"]
[White "Duke_of_Bebington"]
[Black "JanMur7"]
[Result "0-1"]
[WhiteElo "1632"]
[BlackElo "2298"]
[TimeControl "300"]
[EndTime "15:32:26 PDT"]
[Termination "JanMur7 won by resignation"]

1. e4 g6 2. d4 Bg7 3. Be3 c5 4.
c3 cxd4 5. cxd4 d5 6. e5 Nc6 7. a3 f6 8. f4 Nh6 9. Bd3 Ng4 10. Qe2 Nxe3 11. Qxe3 Qb6 12. Qf2 Qxd4 13. Qxd4 Nxd4 14. Nf3 Nb3 15. Ra2 Nc1 0-1

[Event "Live Chess"]
[Site "Chess.com"]
[Date "2024.06.01"]
[Round "-"]
[White "anatoliy10912"]
[Black "MagnersCarlsberg2870"]
[Result "1-0"]
[WhiteElo "1775"]
[BlackElo "1757"]
[TimeControl "300"]
[EndTime "15:32:28 PDT"]
[Termination "anatoliy10912 won by resignation"]

1. e4 d5 2. e5 c5 3. c3 Bf5 4. d4 e6 5. Nf3 Nc6 6. Qb3 Qb6 7. Be3 c4 8. Qxb6 axb6 9. Nbd2 b5 10. b3 cxb3 11.
Nxb3 b4 12. Bd2 Bc2 13. Nc1 bxc3 14. Bxc3 Bb4 15. Bxb4 Nxb4 16. Bb5+ Ke7 17. Kd2 Ra5 18. a3 Be4 19. a4 Nc2 20. Ra2 Bxf3 21. Rxc2 Be4 22.
Rc7+ Kd8 23. Rxf7 Nh6 24. Rxg7 Rf8 25. f3 Bg6 26. Rxb7 Nf5 27. Ne2 Kc8 28. Rb6 Kc7 29. Rxe6 1-0

[Event "Live Chess"]
[Site "Chess.com"]
[Date "2024.06.01"]
[Round "-"]
[White "koekoekoe"]
[Black "McFim"]
[Result "0-1"]
[WhiteElo "1974"]
[BlackElo "1640"]
[TimeControl "300"]
[EndTime "15:32:41 PDT"]
[Termination "McFim won by checkmate"]

1. d4 d5 2. Bf4 Nf6 3. e3 Bf5 4.
c4 c6 5. Nc3 a6 6. Nf3 e6 7. cxd5 exd5 8. Bd3 Bxd3 9. Qxd3 Bd6 10. Bg3 O-O 11. O-O Bxg3 12. hxg3 Qd6 13. Ne5 Nbd7 14.
Nxd7 Qxd7 15. b4 Rfe8 16. Na4 Qe7 17. Rfc1 Ne4 18. Nc5 Rab8 19. Nxe4 Qxe4 20. Qxe4 Rxe4 21. a4 Re6 22. b5 axb5 23. axb5 g5 24. Rab1 Rd8 25.
bxc6 bxc6 26. Rb6 Rdd6 27. Rb7 Kg7 28. Ra1 h5 29. Raa7 Rf6 30. Kf1 Rde6 31. Ke2 g4 32. f3 gxf3+ 33. gxf3 Rf5 34. Rc7 Rg6 35. Ra6 Rff6 36. Kf2 Re6 37. Rd7 Ref6 38. Raa7 Rg5 39. Rd8 Rgf5 40. f4 Rg6 41. Raa8 Rh6 42. Rac8 Rff6 43.
Rg8+ Kh7 44. Kf3 Rfg6 45. Rgf8 Rf6 46. Rh8+ Kg6 47. Rcg8+ Kf5 48. Rg5+ Ke6 49. Re5+ Kd7 50. Rhe8 Re6 51. R8xe6 fxe6 52. f5 exf5 53. Rxf5 Ke6 54. Kf4 h4 55. Re5+ Kf6 56. gxh4 Rxh4+ 57. Kg3 Rh1 58.
Re8 Re1 59. Kf2 Rc1 60. Rh8 Kf5 61. Rh6 Ke4 62. Re6+ Kd3 63. Re8 Rc2+ 64. Kf3 Rc1 65. Re6 Rf1+ 66. Kg2 Rc1 67. Kf2 c5 68. dxc5 Rxc5 69.
Ra6 Ke4 70. Re6+ Kd3 71. Ra6 Ke4 72. Ra4+ Rc4 73. Ra8 Rc2+ 74. Ke1 Kxe3 75. Re8+ Kd3 76. Kd1 Rh2 77. Re1 Ra2 78. Re8 Ra1# 0-1

[Event "Live Chess"]
[Site "Chess.com"]
[Date "2024.06.01"]
[Round "-"]
[White "Crowded_House"]
[Black "NebodarMatevich"]
[Result "0-1"]
[WhiteElo "1723"]
[BlackElo "1576"]
[TimeControl "300"]
[EndTime "15:32:42 PDT"]
[Termination "NebodarMatevich won by checkmate"]

1. d4 Nf6 2. Bg5 g6 3. c3 Bg7 4.
Nf3 O-O 5. e3 d6 6. Nbd2 a5 7. Bd3 Na6 8. O-O h6 9. Bh4 g5 10. Bg3 Nd7 11. h3 c5 12. dxc5 Naxc5 13. Bc2 e5 14. Ne4 Nxe4 15. Bxe4 f5 16. Bd5+ Kh8 17.
Qc2 Nc5 18. Rad1 e4 19. Nd4 Qf6 20. a3 Rb8 21. Nb3 Nd3 22. Bc4 f4 23. Bh2 f3 24. Bxd3 exd3 25. Qxd3 fxg2 26. Rfe1 Qxf2# 0-1

[Event "Live Chess"]
[Site "Chess.com"]
[Date "2024.06.01"]
[Round "-"]
[White "lyricalschemes"]
[Black "hapehansen"]
[Result "1-0"]
[WhiteElo "2472"]
[BlackElo "2266"]
[TimeControl "300"]
[EndTime "15:32:51 PDT"]
[Termination "lyricalschemes won by resignation"]

1. e4 d5 2. exd5 Qxd5 3. Nc3 Qa5 4. Bc4 Nf6 5. d3 g6 6. Ne2 Bg7 7. O-O O-O 8. Bd2 c6 9. Nd5 Qd8 10. Nxf6+ Bxf6 11. Bc3 Nd7 12. Re1 Bxc3 13. Nxc3 Nf6 14. Qf3 Bg4 15. Qg3 Rc8 16. h3 Bf5 17. Rad1 Qc7 18.
Qh4 Kg7 19. Ne2 b5 20. Bb3 a5 21. a3 a4 22. Ba2 Rcd8 23. Ng3 Bc8 24. Qg5 Rfe8 25.
Re2 h6 26. Qd2 Nd5 27. Rde1 Nf4 28. Re4 e5 29. Qc3 f6 30. b3 axb3 31. Bxb3 Qd6 32.
R4e3 Nd5 33. Bxd5 Qxd5 34. Ne4 Bf5 35. Nc5 Ra8 36. f4 Rad8 37. fxe5 fxe5 38. Rxe5 Rxe5 39. Rxe5 Qd4+ 40. Qxd4 Rxd4 41. Rxf5 1-0

[Event "Live Chess"]
[Site "Chess.com"]
[Date "2024.06.01"]
[Round "-"]
[White "RichardABates"]
[Black "Ferrarifan27"]
[Result "1-0"]
[WhiteElo "2305"]
[BlackElo "2110"]
[TimeControl "300"]
[EndTime "15:32:58 PDT"]
[Termination "RichardABates won by resignation"]

1. d4 Nf6 2. Nf3 d5 3. c4 e6 4. g3 Be7 5. Bg2 O-O 6. O-O c6 7. Qc2 b6 8. Nbd2 Na6 9. a3 Bb7 10. e4 dxe4 11. Nxe4 Nxe4 12. Qxe4 Qc8 13. Ne5 Nb8 14. b4 f6 15. Nd3 Qd7 16. c5 Ba6 17. Re1 e5 18. d5 Bb7 19. d6 Bd8 20. Bb2 a5 21. b5 Ra7 22. Qc4+ Kh8 23. a4 cxb5 24. Qxb5 Qxb5 25. axb5 Bxg2 26. Kxg2 bxc5 27. Nxc5 Bb6 28. Na4 Nd7 29. Rac1 Rd8 30. Rc6 Rb7 31. f4 exf4 32. gxf4 Ba7 33. Re7 Kg8 34. Rc7 Rxb5 35. Rxa7 Rb4 36. Rexd7 Rxd7 37. Rxd7 Rxa4 38. Rb7 Ra2 39.
d7 1-0

[Event "Live Chess"]
[Site "Chess.com"]
[Date "2024.06.01"]
[Round "-"]
[White "LL220284LL"]
[Black "TedUdale"]
[Result "1-0"]
[WhiteElo "2506"]
[BlackElo "2116"]
[TimeControl "300"]
[EndTime "15:33:13 PDT"]
[Termination "LL220284LL won by checkmate"]

1. g3 d5 2. Bg2 Nf6 3. Nf3 c6 4. O-O Bf5 5. b3 e6 6. Bb2 Nbd7 7. e3 Be7 8. c4 O-O 9. Nc3 Rc8 10. d4 b6 11. Rc1 c5 12. cxd5 Nxd5 13. Nxd5 exd5 14.
dxc5 Nxc5 15. Nd4 Bg6 16. Qg4 h5 17. Qd1 Qd7 18. Ba3 Nd3 19. Rxc8 Rxc8 20. Bxe7 Qxe7 21. Bxd5 Rc1 22. Qd2 Rxf1+ 23. Kxf1 Ne5 24. Nc6 Nxc6 25. Bxc6 Qc5 26. Bf3 Bf5 27. Kg2 Qc8 28. Bxh5 Bh3+ 29. Kg1 Qc6 30. f3 Qb5 31. Qd1 Qxh5 32. g4 Qh4 33. b4 f5 34. gxf5 Qg5+ 35. Kf2 Qg2+ 36. Ke1 Bxf5 37. Qd8+ Kh7 38. Qh4+ Kg6 39. e4 Qg1+ 40.
Ke2 Qg2+ 41. Ke3 Be6 42. Qh8 Qg1+ 43. Kd3 Qf1+ 44. Ke3 Qe1+ 45. Kf4 Qd2+ 46. Ke5 Bf7 47. Qh3 Qc3+ 48. Kf4 Qd2+ 49. Ke5 Qg5+ 50. Kd6 Qf6+ 51. Kd7 Qe5 52. Qg4+ Kh7 53. Qh4+ Kg8 54. Qd8+ Kh7 55.
Qh4+ Kg6 56. Qg4+ Qg5 57. Qh3 Qd2+ 58. Kc7 Qc3+ 59. Kb7 Qxb4 60. Qf5+ Kh6 61. Qxf7 Qd6 62.
Kxa7 b5 63. Qd5 Qa3+ 64. Kb6 b4 65. Qe6+ Kh7 66. Qf5+ Kg8 67. Qc8+ Kh7 68. Qf5+ Kg8 69. e5 Qe3+ 70. Kc6 Qc3+ 71. Kd7 Qc5 72. e6 Qb5+ 73.
Qxb5 b3 74. Qxb3 Kh7 75. e7 g6 76. e8=Q Kh6 77. Qeg8 Kg5 78. Qe3+ Kf6 79. Qge6+ Kg7 80. Q3e5+ Kh6 81. Qg8 g5 82. Qgh8+ Kg6 83. Qef6# 1-0

[Event "Live Chess"]
[Site "Chess.com"]
[Date "2024.06.01"]
[Round "-"]
[White "OurKnightAtTheOpera"]
[Black "katoma"]
[Result "1-0"]
[WhiteElo "1995"]
[BlackElo "2036"]
[TimeControl "300"]
[EndTime "15:33:19 PDT"]
[Termination "OurKnightAtTheOpera won on time"]

1. e4 c5 2. d4 cxd4 3. c3 d3 4. Bxd3 Nc6 5. Nf3 d6 6. h3 Nf6 7.
c4 g6 8. Nc3 Bg7 9. Be3 O-O 10.
Qd2 a5 11. a3 a4 12. O-O Nd7 13. Nd5 Nc5 14. Bc2 Bxb2 15. Ra2 Bg7 16. Rb1 Na5 17. Bxc5 dxc5 18. Qe3 Nxc4 19. Qxc5 Nd6 20. Rd1 Be6 21. Ng5 Bxd5 22. Rxd5 Qc8 23. Qb4 h6 24. Nf3 Qc3 25. Qxc3 Bxc3 26. Bd3 Rfc8 27. e5 Nc4 28. Rd7 Nxe5 29. Nxe5 Bxe5 30. g3 Rc7 31. Rxc7 Bxc7 32. Rb2 b6 33. Bb5 Bd6 34. Bc4 Bxa3 35. Rxb6 Bd6 36.
Rb1 a3 37. Ba2 Kg7 38. Kf1 Rc8 39. h4 Rc2 40. Ra1 Be5 41. Bb3 Rxf2+ 42. Kxf2 Bxa1 43. Ba2 Kf6 44. Kf3 e5 45. g4 Ke7 46. Ke3 1-0